 Dungeon Crawl Stone Soup version 0.31-a0-240-gb923e448b6 (webtiles) character file.

Game seed: 10540888587527413692

19949 qw the Marksminotaur (level 12, -1/110 HPs)
             Began as a Minotaur Hexslinger on July 11, 2023.
             Was an Elder of Okawaru.
             Slain by an elephant (10 damage)
             ... on level 2 of the Lair of Beasts.
             The game lasted 00:04:48 (12040 turns).

qw the Marksminotaur (Minotaur Hexslinger)         Turns: 12040, Time: 00:04:49

Health: -1/110     AC: 13    Str: 15    XL:     12   Next: 41%
Magic:  16/17      EV: 19    Int: 13    God:    Okawaru [****..]
Gold:   592        SH:  0    Dex: 16    Spells: 12/13 levels left

rFire   + . .        Y - +0 orcbow
rCold   . . .        (shield currently unavailable)
rNeg    . . .        q - +5 robe of Yqeili Eguxi {Rampage rF+}
rPois   +            (helmet restricted)
rElec   +            b - +0 cloak
rCorr   .            f - +3 pair of gloves of the Centipede {rElec Int+3 Slay+3}
SInv    .            e - -1 pair of boots of Impish Salvation {Contam rElec Int+2 Slay+3}
Will    .....        (no amulet)
Stlth   +++          (no ring)
HPRegen 0.38/turn    (no ring)
MPRegen 0.15/turn

%: rampage
@: heroic
A: horns 2, retaliatory headbutt, dopey 1, poison resistance, wild magic 1,
MP-powered wands
a: Renounce Religion, Heroism, Finesse


You were on level 2 of the Lair of Beasts.
You worshipped Okawaru.
Okawaru was greatly pleased with you.
You visited 3 branches of the dungeon, and saw 12 of its levels.

You collected 592 gold pieces.


Innate Abilities, Weirdness & Mutations

You have a pair of horns on your head.
You reflexively headbutt those who attack you in melee.
You are dopey. (Int -2)
Your system is resistant to poisons. (rPois)
Your spells are a little harder to cast, but a little more powerful.
You expend magic power (3 MP) to strengthen your wands.


   Skills:
 - Level 11.0(16.0) Fighting
 - Level 16.0(21.0) Ranged Weapons
 - Level 3.2(8.2) Armour
 + Level 7.2(12.2) Dodging
 - Level 1.0 Spellcasting
 - Level 2.0 Hexes
 + Level 9.2 Invocations


You had 12 spell levels left.
You knew the following spells:

 Your Spells              Type           Power      Damage    Failure   Level
a - Slow                  Hex            28%        N/A       17%         1

Your spell library contained the following spells:

 Spells                   Type           Power      Damage    Failure   Level
 Inner Flame              Hex/Fire       4%         N/A       58%         3
 Portal Projectile        Hex/Tloc       8%         N/A       58%         3
 Cause Fear               Hex            3%         N/A       83%         4

Inventory:

Hand Weapons
 Y - a +0 orcbow (weapon)
Armour
 b - a +0 cloak (worn)
 c - the +4 ring mail of Impressiveness {+Inv}
   (You found it on level 2 of the Dungeon)

   +Inv:      It lets you turn invisible.
 e - the -1 pair of boots of Impish Salvation (worn) {Contam rElec Int+2 Slay+3}
   (You found it on level 2 of the Dungeon)

   Int:       It affects your intelligence (+2).
   Slay:      It affects your accuracy & damage with ranged weapons and melee
   (+3).
   rElec:     It insulates you from electricity.
   Contam:    It causes magical contamination when unequipped.
 f - the +3 pair of gloves of the Centipede (worn) {rElec Int+3 Slay+3}
   (You found it on level 8 of the Dungeon)

   Int:       It affects your intelligence (+3).
   Slay:      It affects your accuracy & damage with ranged weapons and melee
   (+3).
   rElec:     It insulates you from electricity.
 n - the +4 leather armour of Mezcal {-Tele Fly rC+ Str+3}
   (You found it on level 4 of the Dungeon)

   Str:       It affects your strength (+3).
   rC:        It protects you from cold.
   Fly:       It grants you flight.
   -Tele:     It prevents most forms of teleportation.
 q - the +5 robe of Yqeili Eguxi (worn) {Rampage rF+}
   (You found it on level 6 of the Dungeon)

   rF:        It protects you from fire.
   Rampage:   It bestows one free step when moving towards enemies.
Jewellery
 g - a ring of ice
Scrolls
 k - 2 scrolls of identify
Potions
 d - 3 potions of curing
 i - a potion of haste
 j - 4 potions of mutation
 l - a potion of resistance
 r - a potion of might

Dungeon Overview and Level Annotations

Branches:
Dungeon (9/15)             Temple (1/1) D:5            Lair (2/5) D:9
    Orc (0/2) D:9
  Swamp: Lair:2-3    Shoals: Lair:2-3     Snake: Lair:2-3    Spider: Lair:2-3

Altars:
Cheibriados
Dithmenos
Elyvilon
Fedhas
Gozag
Hepliaklqana
Kikubaaqudgha
Makhleb
Nemelex Xobeh
Okawaru
Qazlal
Ru
Sif Muna
Trog
Uskayaw
Vehumet
Wu Jian
Xom
Yredelemnul
Zin
The Shining One

Annotations:
D:3 2 transporters, qw's ghost, amateur MiHs


Message History

The elephant tramples you but does no damage.
The elephant trunk-slaps you.
You shoot an arrow. The arrow hits the elephant!
The elephant is almost dead.
The elephant tramples you but does no damage.
The elephant closely misses you. x2; You furiously retaliate!
You headbutt the elephant! The elephant completely misses you.
You shoot an arrow. The arrow hits the elephant!!
You kill the elephant!
Okawaru accepts your kill.
You shoot an arrow. The arrow barely misses the elephant.
The elephant tramples you.
You hold your ground!
The elephant completely misses you.
You shoot an arrow.
The arrow hits the elephant but does no damage.
The elephant is lightly wounded.
The elephant tramples you!
You hold your ground!
The elephant misses you.
You shoot an arrow.
The arrow hits the elephant but does no damage.
The elephant is lightly wounded.
You shoot an arrow. The arrow hits the elephant.
The elephant is lightly wounded.
The elephant tramples you!
You hold your ground!
The elephant completely misses you.
You shoot an arrow. The arrow hits the elephant.
The elephant is lightly wounded.
The elephant completely misses you. You furiously retaliate!
You headbutt the elephant!
The elephant trunk-slaps you but does no damage.
You shoot an arrow.
The arrow hits the elephant but does no damage.
The elephant is moderately wounded.
The elephant tramples you!
You hold your ground!
The elephant trunk-slaps you but does no damage.
You shoot an arrow. The arrow hits the elephant.
The elephant is moderately wounded.
You shoot an arrow. The arrow hits the elephant!
The elephant is heavily wounded.
The elephant tramples you!
You die...

...#...### #....#.#.#...
..#....####
#####.....##.#..#
...#.....P###.#...........
.....<........#...........
.....###.........##.#.....
..#..####.#.#...## #####..
.##...# ######...# #.
###..## #...# #.<.# #..@#
#...P# ###%Y## ###...####
#.#..# #
..#...##.###....#.#
........###....%.##
..................#
.##..........#.....# #
##.......#..#P....# ##
#........#.........


You could see an elephant.

Vanquished Creatures
  A two-headed ogre (D:9)
  A tengu warrior (D:8)
  3 death yaks (Lair:2)
  A skyshark (Lair:2)
  4 elephants (Lair:2)
  3 black mambas
  Maggie (D:7)
  5 cane toads
  4 molten gargoyles (D:9)
  3 komodo dragons (D:9)
  A rime drake (Lair:1)
  3 blink frogs (Lair:2)
  A hornet (D:8)
  2 shadows (D:9)
  4 basilisks
  19 yaks
  3 wyverns
  3 steam dragons
  2 acid dragons
  Duvessa (D:5)
  8 water moccasins
  3 black bears
  4 orc warriors
  2 ogres
  3 wolves (Lair:1)
  5 centaurs
  A phantom (D:9)
  4 kobold brigands
  5 bullfrogs
  6 wights (D:8)
  Dowan (D:5)
  10 killer bees
  4 troll zombies (D:9)
  4 howler monkeys
  A lava snake (D:9)
  2 jellies
  3 hounds
  3 gnoll boudas (D:8)
  An orc priest (D:8)
  2 sleepcaps
  Terence (D:3)
  4 orc wizards
  4 iguanas
  4 ogre zombies (D:9)
  9 adders
  3 gnolls (D:8)
  A shadow imp (D:6)
  An ufetubus (D:4)
  A dart slug (D:1)
  13 orcs
  5 ball pythons
  3 bats
  10 endoplasms
  2 giant cockroaches (D:3)
  6 goblins
  8 hobgoblins
  3 quokkas
  A frilled lizard (D:1)
  2 goblin skeletons (D:9)
  4 goblin zombies (D:9)
  2 hobgoblin skeletons (D:9)
  2 hobgoblin zombies (D:9)
  19 kobolds
  3 orc skeletons (D:9)
  11 orc zombies (D:9)
  6 rats
265 creatures vanquished.

Notes
Turn   | Place    | Note
-------+----------+-------------------------------------------
     0 | D:1      | qw the Minotaur Hexslinger began the quest for the Orb.
     0 | D:1      | Reached XP level 1. HP: 16/16 MP: 1/1
     0 | D:1      | 0 ||| qw: Version: 0.3-a-52-g30416fa
     0 | D:1      | 0 ||| qw: Game counter: 6007
     0 | D:1      | 0 ||| qw: Melee chars always use a shield: true
     0 | D:1      | 0 ||| qw: God list: Okawaru
     0 | D:1      | 0 ||| qw: Allow faded altars: false
     0 | D:1      | 0 ||| qw: Do Orc after clearing Dungeon:15 true
     0 | D:1      | 0 ||| qw: Do second Lair branch before Depths: true
     0 | D:1      | 0 ||| qw: Lair rune preference: random
     0 | D:1      | 0 ||| qw: Goals: Normal
     0 | D:1      | 0 ||| PLANNING D:1-11
    66 | D:1      | Reached skill level 3 in Ranged Weapons
    66 | D:1      | Reached XP level 2. HP: 23/23 MP: 2/2
   429 | D:1      | 429 ||| FLEEEEING.
   430 | D:1      | 430 ||| FLEEEEING.
   431 | D:1      | 431 ||| FLEEEEING.
   432 | D:1      | 432 ||| FLEEEEING.
   846 | D:1      | 846 ||| UPGRADING to +0 leather armour.
   856 | D:1      | 856 ||| DROPPING +0 robe.
   857 | D:1      | 857 ||| UPGRADING to +0 ring mail.
   867 | D:1      | 867 ||| DROPPING +0 leather armour.
   868 | D:1      | 868 ||| DROPPING scroll of poison.
   896 | D:2      | 896 ||| STAIRDANCE
   945 | D:2      | Reached XP level 3. HP: 29/29 MP: 3/3
   950 | D:2      | Identified the +4 ring mail of Impressiveness {+Inv}
   994 | D:2      | Reached skill level 4 in Ranged Weapons
  1074 | D:2      | Reached skill level 1 in Armour
  1206 | D:2      | Identified the -1 pair of boots of Impish Salvation {Contam
                  | rElec Int+2 Slay+3}
  1243 | D:2      | Reached XP level 4. HP: 34/36 MP: 4/4
  1327 | D:2      | Found a faded altar of an unknown god.
  1579 | D:2      | 1579 ||| UPGRADING to +4 ring mail of Impressiveness
                  | {+Inv}.
  1589 | D:2      | 1589 ||| UPGRADING to -1 pair of boots of Impish Salvation
                  | {Contam rElec Int+2 Slay+3}.
  1594 | D:2      | 1594 ||| DROPPING +0 ring mail.
  1595 | D:2      | 1595 ||| READING scroll labelled XAEZEHOFRIHU.
  1625 | D:3      | Found a transporter.
  1694 | D:3      | Found a snail-covered altar of Cheibriados.
  1766 | D:3      | Noticed qw's ghost (amateur MiHs)
  1803 | D:3      | Found a transporter.
  1835 | D:3      | Noticed Terence
  1841 | D:3      | Killed Terence
  1842 | D:3      | Reached skill level 5 in Ranged Weapons
  1877 | D:3      | Reached XP level 5. HP: 41/41 MP: 5/5
  1954 | D:3      | Found an ornate altar of the Wu Jian Council.
  2230 | D:3      | 2230 ||| UPGRADING to +0 cloak.
  2235 | D:3      | 2235 ||| READING scroll labelled YBYDYEF KIJUTRICKE.
  2236 | D:3      | 2236 ||| READING scroll labelled XEUDOO EZAR.
  2237 | D:3      | 2237 ||| DRINKING 2 yellow potions.
  2238 | D:3      | 2238 ||| DRINKING 2 fizzy black potions.
  2238 | D:3      | Gained mutation: Your system is resistant to poisons.
                  | (rPois) [potion of mutation]
  2238 | D:3      | Gained mutation: You expend magic power (3 MP) to
                  | strengthen your wands. [potion of mutation]
  2238 | D:3      | Gained mutation: You are dopey. (Int -2) [potion of
                  | mutation]
  2238 | D:3      | Gained mutation: Your spells are a little harder to cast,
                  | but a little more powerful. [potion of mutation]
  2412 | D:4      | Reached skill level 3 in Fighting
  2448 | D:4      | Noticed an ogre
  2456 | D:4      | Killed an ogre
  2457 | D:4      | Reached skill level 6 in Ranged Weapons
  2508 | D:4      | Reached XP level 6. HP: 52/52 MP: 6/6
  2847 | D:4      | Identified the +4 leather armour of Mezcal {-Tele Fly rC+
                  | Str+3}
  2921 | D:4      | 2921 ||| READING scroll labelled REIKOO VYRA.
  2922 | D:4      | 2922 ||| READING scroll labelled NAIROAT JEOCH.
  3008 | D:5      | Entered Level 5 of the Dungeon
  3243 | D:5      | Noticed Dowan
  3244 | D:5      | Noticed Duvessa
  3256 | D:5      | Killed Duvessa
  3257 | D:5      | Reached skill level 7 in Ranged Weapons
  3257 | D:5      | Reached XP level 7. HP: 54/59 MP: 7/7
  3265 | D:5      | Killed Dowan
  3458 | D:5      | Found a staircase to the Ecumenical Temple.
  3459 | D:5      | 3459 ||| PLANNING TEMPLE
  3459 | D:5      | 3459 ||| DROPPING scarf of shadows.
  3460 | D:5      | 3460 ||| READING scroll labelled JAHAERH KACUTIOPE.
  3461 | D:5      | 3461 ||| READING scroll labelled HOR YDETOAJASI.
  3462 | D:5      | 3462 ||| READING scroll labelled AGORAAQOTT.
  3463 | D:5      | 3463 ||| READING 3 scrolls of identify.
  3463 | D:5      | 3463 ||| IDENTIFYING bubbling brown potion
  3464 | D:5      | 3464 ||| READING 2 scrolls of identify.
  3464 | D:5      | 3464 ||| IDENTIFYING golden potion
  3465 | D:5      | 3465 ||| DROPPING potion of brilliance.
  3474 | Temple   | Entered the Ecumenical Temple
  3606 | Temple   | 3606 ||| PLANNING OKAWARU WORSHIP
  3840 | Temple   | Became a worshipper of Warmaster Okawaru
  3841 | Temple   | 3841 ||| PLANNING D:1-11
  3988 | D:6      | 3988 ||| SWAPPING to +0 orcbow.
  3990 | D:6      | 3990 ||| DROPPING +2 sling of flaming.
  3996 | D:6      | Reached skill level 8 in Ranged Weapons
  4432 | D:6      | Identified the +5 robe of Yqeili Eguxi {Rampage rF+}
  4557 | D:6      | 4557 ||| UPGRADING to +0 pair of gloves.
  4562 | D:6      | 4562 ||| UPGRADING to +5 robe of Yqeili Eguxi {Rampage
                  | rF+}.
  4572 | D:6      | 4572 ||| READING scroll labelled BALO DIREL.
  4573 | D:6      | 4573 ||| READING scroll labelled HAVU XUAZO.
  4574 | D:6      | 4574 ||| READING 3 scrolls of identify.
  4574 | D:6      | 4574 ||| IDENTIFYING sedimented coppery potion
  4575 | D:6      | 4575 ||| READING 2 scrolls of identify.
  4575 | D:6      | 4575 ||| IDENTIFYING orange potion
  4576 | D:6      | 4576 ||| DROPPING potion of lignification.
  4577 | D:6      | 4577 ||| DROPPING potion of attraction.
  4612 | D:7      | 4612 ||| STAIRDANCE
  4616 | D:6      | Reached skill level 3 in Dodging
  4616 | D:6      | Reached XP level 8. HP: 54/68 MP: 8/8
  4663 | D:7      | 4663 ||| STAIRDANCE
  4718 | D:7      | 4718 ||| STAIRDANCE
  4767 | D:7      | 4767 ||| STAIRDANCE
  4793 | D:7      | 4793 ||| STAIRDANCE
  4819 | D:7      | 4819 ||| STAIRDANCE
  4907 | D:7      | Found a shadowy altar of Dithmenos.
  4907 | D:7      | Found a radiant altar of Vehumet.
  4907 | D:7      | Found a sacrificial altar of Ru.
  4908 | D:7      | Found a basalt altar of Yredelemnul.
  4945 | D:7      | Reached * piety under Okawaru
  4946 | D:7      | Reached skill level 9 in Ranged Weapons
  4969 | D:7      | 4969 ||| Stepping ~*~*~tactically~*~*~ (outnumbered).
  4970 | D:7      | 4970 ||| FLEEEEING.
  4972 | D:7      | 4972 ||| FLEEEEING.
  4973 | D:7      | 4973 ||| FLEEEEING.
  4974 | D:7      | 4974 ||| FLEEEEING.
  4975 | D:7      | 4975 ||| FLEEEEING.
  4976 | D:7      | 4976 ||| FLEEEEING.
  4977 | D:7      | 4977 ||| FLEEEEING.
  4978 | D:7      | 4978 ||| FLEEEEING.
  4979 | D:7      | 4979 ||| FLEEEEING.
  4980 | D:7      | 4980 ||| FLEEEEING.
  4981 | D:7      | 4981 ||| FLEEEEING.
  4982 | D:7      | 4982 ||| FLEEEEING.
  4983 | D:7      | 4983 ||| FLEEEEING.
  4999 | D:7      | Reached skill level 1 in Invocations
  5059 | D:7      | Noticed an air elemental
  5061 | D:7      | Found a stormy altar of Qazlal.
  5111 | D:7      | Found a hazy altar of Hepliaklqana.
  5278 | D:7      | 5278 ||| INVOKING Heroism.
  5283 | D:7      | Reached skill level 6 in Fighting
  5341 | D:7      | 5341 ||| Stepping ~*~*~tactically~*~*~ (outnumbered).
  5345 | D:7      | Reached skill level 3 in Invocations
  5364 | D:7      | 5364 ||| INVOKING Heroism.
  5540 | D:7      | Noticed Maggie
  5552 | D:7      | 5552 ||| INVOKING Heroism.
  5566 | D:7      | Killed Maggie
  5566 | D:7      | Reached ** piety under Okawaru
  5567 | D:7      | Reached skill level 10 in Ranged Weapons
  5567 | D:7      | Reached XP level 9. HP: 24/75 MP: 8/11
  6101 | D:7      | 6101 ||| INVOKING Heroism.
  6220 | D:7      | 6220 ||| READING 2 scrolls labelled OGIBERAOST.
  6221 | D:7      | 6221 ||| READING scroll labelled CIGYS ZOUJUAF.
  6333 | D:7      | 6333 ||| READING 2 scrolls of identify.
  6333 | D:7      | 6333 ||| IDENTIFYING fizzy golden potion
  6334 | D:7      | 6334 ||| DROPPING scroll of blinking.
  6420 | D:8      | 6420 ||| INVOKING Heroism.
  6571 | D:8      | 6571 ||| DRINKING 2 potions of curing.
  6571 | D:8      | 6571 ||| (to cure confusion)
  6681 | D:8      | Reached skill level 11 in Ranged Weapons
  6755 | D:8      | 6755 ||| INVOKING Heroism.
  6761 | D:8      | HP: 18/79 [yak (10)]
  6762 | D:8      | 6762 ||| READING 2 scrolls of teleportation.
  6763 | D:8      | 6763 ||| DRINKING potion of heal wounds.
  6766 | D:8      | Reached *** piety under Okawaru
  6783 | D:8      | Reached skill level 12 in Ranged Weapons
  6945 | D:8      | 6945 ||| INVOKING Heroism.
  6977 | D:8      | 6977 ||| INVOKING Heroism.
  7013 | D:8      | 7013 ||| INVOKING Heroism.
  7031 | D:8      | Reached XP level 10. HP: 66/88 MP: 10/12
  7233 | D:8      | 7233 ||| INVOKING Heroism.
  7301 | D:8      | Identified the +3 pair of gloves of the Centipede {rElec
                  | Int+3 Slay+3}
  7611 | D:8      | 7611 ||| UPGRADING to +3 pair of gloves of the Centipede
                  | {rElec Int+3 Slay+3}.
  7616 | D:8      | 7616 ||| UPGRADING to +3 pair of gloves of the Centipede
                  | {rElec Int+3 Slay+3}.
  7657 | D:8      | 7657 ||| DROPPING +0 pair of gloves.
  7673 | D:8      | 7673 ||| INVOKING Heroism.
  7700 | D:9      | Reached skill level 13 in Ranged Weapons
  7709 | D:9      | Noticed a two-headed ogre
  7710 | D:9      | 7710 ||| INVOKING Heroism.
  7714 | D:9      | Killed a two-headed ogre
  7715 | D:9      | Reached skill level 9 in Fighting
  7725 | D:9      | Noticed a tengu warrior
  7734 | D:9      | 7734 ||| STAIRDANCE
  7735 | D:9      | Reached skill level 6 in Dodging
  7736 | D:8      | 7736 ||| INVOKING Heroism.
  7740 | D:8      | Reached skill level 3 in Armour
  7903 | D:9      | 7903 ||| STAIRDANCE
  7906 | D:8      | 7906 ||| INVOKING Heroism.
  7917 | D:8      | Killed a tengu warrior
  7917 | D:8      | Reached **** piety under Okawaru
  8079 | D:9      | 8079 ||| STAIRDANCE
  8081 | D:8      | 8081 ||| INVOKING Heroism.
  8165 | D:9      | 8165 ||| STAIRDANCE
  8168 | D:8      | 8168 ||| INVOKING Heroism.
  8305 | D:9      | 8305 ||| STAIRDANCE
  8344 | D:9      | Reached skill level 14 in Ranged Weapons
  8463 | D:9      | Found a blossoming altar of Fedhas.
  8592 | D:9      | Noticed a molten gargoyle
  8593 | D:9      | Noticed a molten gargoyle
  8595 | D:9      | Noticed a molten gargoyle
  8602 | D:9      | 8602 ||| INVOKING Heroism.
  8605 | D:9      | Killed a molten gargoyle
  8606 | D:9      | Reached XP level 11. HP: 55/99 MP: 10/13
  8618 | D:9      | HP: 24/99 [molten gargoyle/+0 mace (15)]
  8619 | D:9      | 8619 ||| READING scroll of teleportation.
  8619 | D:9      | HP: 10/99 [molten gargoyle/+0 mace (4)]
  8620 | D:9      | 8620 ||| DRINKING 2 potions of heal wounds.
  8621 | D:9      | 8621 ||| INVOKING Heroism.
  8623 | D:9      | 8623 ||| FLEEEEING.
  8635 | D:9      | HP: 11/99 [komodo dragon (16)]
  8636 | D:9      | 8636 ||| DRINKING potion of heal wounds.
  8811 | D:9      | Found a staircase to the Lair.
  8917 | D:9      | 8917 ||| INVOKING Heroism.
  8968 | D:9      | 8968 ||| FLEEEEING.
  9153 | D:9      | Reached skill level 6 in Invocations
  9157 | D:9      | 9157 ||| INVOKING Heroism.
  9171 | D:9      | HP: 20/99 [something (20)]
  9178 | D:9      | HP: 11/99 [troll zombie (7)]
  9181 | D:9      | 9181 ||| INVOKING Heroism.
  9188 | D:9      | HP: 9/99 [troll zombie (3)]
  9440 | D:9      | Found a staircase to the Orcish Mines.
  9793 | D:9      | 9793 ||| PLANNING LAIR
  9793 | D:9      | 9793 ||| DRINKING 2 glowing yellow potions.
  9794 | D:9      | 9794 ||| READING 4 scrolls of identify.
  9794 | D:9      | 9794 ||| IDENTIFYING lumpy black potion
  9813 | Lair:1   | Entered Level 1 of the Lair of Beasts
  9863 | Lair:1   | 9863 ||| INVOKING Heroism.
  9960 | Lair:1   | 9960 ||| INVOKING Heroism.
  9966 | Lair:1   | Reached skill level 15 in Ranged Weapons
 10060 | Lair:1   | 10060 ||| INVOKING Heroism.
 10158 | Lair:1   | 10158 ||| INVOKING Heroism.
 10309 | Lair:1   | 10309 ||| INVOKING Heroism.
 10516 | Lair:1   | 10516 ||| INVOKING Heroism.
 10668 | Lair:1   | 10668 ||| READING scroll labelled SEGOCL REYSS.
 10669 | Lair:1   | 10669 ||| READING 3 scrolls of identify.
 10669 | Lair:1   | 10669 ||| IDENTIFYING puce potion
 10670 | Lair:1   | 10670 ||| DROPPING potion of degeneration.
 10710 | Lair:2   | 10710 ||| INVOKING Heroism.
 10851 | Lair:2   | 10851 ||| INVOKING Heroism.
 10889 | Lair:2   | 10889 ||| INVOKING Heroism.
 10895 | Lair:2   | Noticed a death yak
 10896 | Lair:2   | Noticed a death yak
 10901 | Lair:2   | Noticed a death yak
 10903 | Lair:2   | Killed a death yak
 10904 | Lair:2   | Reached XP level 12. HP: 97/106 MP: 14/16
 10915 | Lair:2   | HP: 19/106 [death yak (18)]
 10916 | Lair:2   | 10916 ||| DRINKING potion of heal wounds.
 10918 | Lair:2   | Killed a death yak
 10927 | Lair:2   | HP: 9/106 [death yak (19)]
 10928 | Lair:2   | Killed a death yak
 10929 | Lair:2   | Reached skill level 16 in Ranged Weapons
 11324 | Lair:2   | 11324 ||| INVOKING Heroism.
 12012 | Lair:2   | Reached skill level 9 in Invocations
 12023 | Lair:2   | 12023 ||| INVOKING Heroism.
 12036 | Lair:2   | HP: 20/110 [elephant (12)]
 12038 | Lair:2   | HP: 8/110 [elephant (12)]
 12040 | Lair:2   | Slain by an elephant

Levels and vault maps discovered:
D:1:      minmay_arrival_hallway, layout_basic
D:2:      layout_basic, hellmonk_ecumenical_altar_zigzags, chequers_arboretum
D:3:      layout_loops_ring, lemuel_doored_altar,
          nicolae_overflow_crystal_walls, gammafunk_ghost_arena, uniq_terence
D:4:      layout_basic, kennysheep_generic_room_4
D:5:      layout_cave_pools, minmay_temple_entry_statues, uniq_duvessa
D:6:      corexii_shack_village, layout_cave_pools
D:7:      layout_layer_cave, mainiacjoe_overflow_surrounded_room,
          nicolae_qazlal_style_of_elements,
          chequers_temple_overflow_statue_of_worship, uniq_maggie
D:8:      layout_basic, minmay_bent
D:9:      cheibrodos_fzero, layout_loops_ring, mainiacjoe_overflow_catwalk,
          erik_lair_dragon, zombieorc2_lemuel, minivault_8
Temple:   minmay_temple_forest_path
Lair:1:   layout_roguey
Lair:2:   layout_layer_cave, palyth_hydra_swamp_entry, serial_bayou_pond_c,
          grunt_forest_small_clearing_treed

Skill      XL: |  1  2  3  4  5  6  7  8  9 10 11 12 |
---------------+-------------------------------------+-----
Ranged Weapons | 3 4 5 6 7 8 10 12 14 15 16 | 16.0
Fighting       | 2 3 4 5 6 7 10 11 | 11.0
Armour         | 1 2 3 |  3.2
Dodging        | 3 5 6 7 |  7.2
Invocations    | 4 7 9 |  9.2
Spellcasting   | |  1.0
Hexes          | |  2.0

Action                     |  1- 3 |  4- 6 |  7- 9 | 10-12 || total
---------------------------+-------+-------+-------+-------++-------
   Fire: Sling             |    97 |   121 |    14 |       ||   232
         Orcbow            |       |       |   292 |   554 ||   846
 Invoke: Heroism           |       |       |     9 |    23 ||    32
    Use: Scroll            |       |     5 |    13 |     4 ||    22
         Potion            |       |     2 |     2 |     4 ||     8
 Armour: Robe              |     4 |       |    23 |   110 ||   137
         Ring mail         |    24 |    34 |    11 |       ||    69
  Dodge: Dodged            |    37 |    43 |   108 |   229 ||   417

Table legend:
 A = Non-vault XP
 B = Vault XP
 C = Vault XP percentage of total XP
 D = Non-vault monster count
 E = Vault monster count
 F = Vault count percentage of total count
                 A         B        C        D         E       F
            +---------+---------+-------+---------+---------+-------
      Total |   19624 |    8875 |  31.1 |     184 |      81 |  30.6
            +---------+---------+-------+---------+---------+-------
        D:1 |      36 |       0 |   0.0 |      19 |       0 |   0.0
        D:2 |      81 |       0 |   0.0 |      14 |       0 |   0.0
        D:3 |      48 |      36 |  42.9 |      14 |       1 |   6.7
        D:4 |     237 |      44 |  15.7 |      10 |       2 |  16.7
        D:5 |     105 |     223 |  68.0 |       4 |       2 |  33.3
        D:6 |     600 |      16 |   2.6 |       8 |       8 |  50.0
        D:7 |    1331 |     424 |  24.2 |      26 |       1 |   3.7
        D:8 |    3133 |    2295 |  42.3 |      36 |      15 |  29.4
        D:9 |     814 |    5837 |  87.8 |      11 |      52 |  82.5
     Lair:1 |    5166 |       0 |   0.0 |      22 |       0 |   0.0
     Lair:2 |    8073 |       0 |   0.0 |      20 |       0 |   0.0
            +---------+---------+-------+---------+---------+-------
